 Dungeon Crawl Stone Soup version 0.23.2-33-g5129a83184 (webtiles) character file.

Game seed: 1213917583326942417

150415 Artanis the Severer (level 17, -11/163 HPs)
             Began as a Hill Orc Fighter on June 26, 2019.
             Was a High Priest of Trog.
             Killed from afar by a halazid warlock (14 damage)
             ... with a bolt of cold
             ... in the Desolation of Salt on June 27, 2019.
             The game lasted 04:41:11 (41555 turns).

Artanis the Severer (Hill Orc Fighter)             Turns: 41555, Time: 04:41:11

Health: -11/163    AC: 27    Str: 26    XL:     17   Next: 53%
Magic:  7/7        EV:  8    Int:  8    God:    Trog [*****.]
Gold:   2265       SH: 14    Dex: 10    Spells: 16/16 levels left

rFire    + + .     SeeInvis .   S - +5 broad axe (antimagic)
rCold    + + .     Gourm    .   c - +0 shield
rNeg     + . .     Faith    +   E - +2 plate armour {rF+}
rPois    +         Spirit   .   F - +2 hat {MR+}
rElec    +         Reflect  .   x - scarf {rC+ rF+}
rCorr    .         Harm     .   (no gloves)
MR       +++..                  M - +0 pair of boots of the Vestibule of Hell {rElec rPois rC+}
Stlth    ..........             Q - amulet of faith
HPRegen  0.37/turn              V - ring of positive energy
MPRegen  0.10/turn              T - +3 ring of protection

@: lightly drained
A: antennae 1, yellow scales 1, blurry vision 1, magic resistance 1, no potion
heal 1
a: Berserk, Trog's Hand, Brothers in Arms, Renounce Religion


You were in the Desolation of Salt.
You worshipped Trog.
Trog was extremely pleased with you.
You were hungry.

You visited 6 branches of the dungeon, and saw 27 of its levels.
You also visited: Desolation.

You collected 2265 gold pieces.

Inventory:

Hand Weapons
 G - a +3 antimagic morningstar
 O - the +6 flail "Aziu" {vamp, rF+++ SInv Stlth-}
   (You found it on level 4 of the Lair of Beasts)

   It inflicts no extra harm, but heals its wielder when it wounds a living foe.
   It renders you almost immune to fire.
   It lets you see invisible.
   It makes you less stealthy.
 S - a +5 antimagic broad axe (weapon)
Missiles
 g - 9 curare-tipped needles
Armour
 c - a +0 shield (worn)
 o - a +3 plate armour of cold resistance
 x - a scarf of resistance (worn)
 E - a +2 plate armour of fire resistance (worn)
 F - a +2 hat of magic resistance (worn)
 L - the +2 ring mail of the Dragon {*Slow MR+++ Dex-3 Stlth+}
   (You found it on level 8 of the Dungeon)

   It affects your dexterity (-3).
   It affects your resistance to hostile enchantments.
   It may slow you when you take damage.
   It makes you more stealthy.
 M - the +0 pair of boots of the Vestibule of Hell (worn) {rElec rPois rC+}
   (You found it on level 8 of the Dungeon)

   It protects you from cold.
   It insulates you from electricity.
   It protects you from poison.
Jewellery
 b - an uncursed amulet of regeneration
 y - a +3 amulet of reflection
 z - an uncursed ring of ice
 I - an uncursed ring of protection from fire
 K - an uncursed ring of flight
 Q - an amulet of faith (around neck)
 T - a +3 ring of protection (right hand)
 V - a ring of positive energy (left hand)
Wands
 a - a wand of polymorph (36)
 j - a wand of digging (6)
 k - a wand of flame (22)
 l - a wand of paralysis (23)
 u - a wand of disintegration (24)
 A - a wand of random effects (23)
 H - a wand of enslavement (7)
 N - a wand of acid (5)
 P - a wand of iceblast (30)
Scrolls
 i - 6 scrolls of remove curse
 m - 2 scrolls of blinking
 p - 2 scrolls of enchant weapon
 q - a scroll of brand weapon
 t - 4 scrolls of noise
 v - 6 scrolls of magic mapping
 D - 7 scrolls of teleportation
 J - 4 scrolls of immolation
 U - 10 scrolls of identify
 Z - a scroll of summoning
Potions
 e - 9 potions of curing
 h - a potion of flight
 n - 2 potions of agility
 r - 5 potions of lignification
 s - a potion of berserk rage
 w - 4 potions of haste
 B - 2 potions of brilliance
 R - 5 potions of might
 W - 3 potions of magic
 X - a potion of invisibility
 Y - a potion of cancellation
Miscellaneous
 C - a fan of gales
Comestibles
 f - 18 rations


   Skills:
 * Level 17.7(17.2) Fighting
 + Level 20.2(19.7) Axes
 * Level 16.5(16.0) Armour
 - Level 15.0(14.5) Shields
 + Level 5.6(5.2) Evocations


You had 16 spell levels left.
You didn't know any spells.
Your spell library contained the following spells:

 Spells                   Type           Power        Failure   Level  Hunger
 Confusing Touch          Hex            #.....       96%         1    ##.....
 Magic Dart               Conj           #...         96%         1    ##.....
 Searing Ray              Conj           #.....       99%         2    ###....
 Confuse                  Hex            #.......     100%        3    ####...
 Dazzling Spray           Conj/Hex       #.....       100%        3    ####...
 Gell's Gravitas          Tloc           #.........   100%        3    ####...
 Force Lance              Conj/Tloc      #.......     100%        4    #####..
 Fulminant Prism          Conj/Hex       #.........   100%        4    #####..
 Iskenderun's Mystic Bla  Conj           #.......     100%        4    #####..
 Petrify                  Tmut/Erth      #.......     100%        4    #####..
 Metabolic Englaciation   Hex/Ice        #.........   100%        5    ######.
 Yara's Violent Unravell  Hex/Tmut       #.........   100%        5    ######.


Dungeon Overview and Level Annotations

Branches:
Dungeon (15/15)            Temple (1/1) D:7            Lair (6/6) D:10
 Shoals (1/4) Lair:4       Spider (0/4) Lair:3        Slime (0/5) Lair:6
    Orc (2/2) D:9             Elf (2/3) Orc:2        Vaults (0/5) D:14
 Depths (0/5) D:15

Altars:
Ashenzari
Cheibriados
Dithmenos
Elyvilon
Fedhas
Gozag
Hepliaklqana
Kikubaaqudgha
Nemelex Xobeh
Okawaru
Sif Muna
Trog
Uskayaw
Vehumet
Wu Jian
Xom
Zin
Beogh

Shops:
D:4 [   D:9 (}(   D:13 ?   Orc:2 *([!=(=   Elf:1 *!%

Annotations:
D:10 3 runed translucent doors, voshxx's ghost, novice MiFi
Lair:4 exclusion: oklob plant
Lair:6 exclusion: oklob plant


Innate Abilities, Weirdness & Mutations

You have a pair of small antennae on your head.
You are partially covered in yellow scales. (AC +2)
Scrolls take you a little longer to read.
You are resistant to hostile enchantments. (MR+)
Potions are less effective at restoring your health.


Message History

Your troll claws the crystal guardian but does no damage.
Your troll claws the crystal guardian!
The crystal guardian is destroyed!
Trog accepts your kill. Something touches your troll.
Your troll writhes in agony!
Something touches your troll!
Your troll writhes in agony!
Your troll rages.
Something touches your troll.
Your troll dies!
Your troll's corpse disappears in a puff of smoke!
You fail to use your ability.
Your troll goes berserk!
You are feeling hungry.
The halazid warlock points at you and mumbles some strange words.
The bolt of negative energy hits you!! You partially resist.
You feel drained.
* * * LOW HITPOINT WARNING * * *
You swap places.
The halazid warlock points at you and mumbles some strange words.
The bolt of cold hits your troll!! The bolt of cold hits you! You resist.
You die...

...§..§§§§#..........§§§...
.§.§...§.§...........§§§... ...
.§§§§§§§§§...8......§.§§.........
§.§§§§§§.....#####.####§.........
§§§§§§§§§....##......:#...§......
§§§§§§§§§§§§8#).#.##L[#8§§.......
§§§§§§§§§§§§.######)###..........
.§§§§.§§§§...##..##..............
.§§§§§§.§§....#.@T#.....§§......
..§.§§..§##.#####.L####§..§.....
§.§...§......#..#..#[.#8.§§.....
.§.§.§.......##....:|"#..§§... .
.............##########......
..............................
...............).............8
...............)..............
................................


You could see a halazid warlock and a friendly troll (berserk).

Vanquished Creatures
  Gastronok (D:8)
  Frances (D:12)
  Kirke (Lair:5)
  A frost giant (D:11)
  A deep elf demonologist (Elf:1)
  5 ragged hierophants
  Erolcha (Orc:2)
  Fannar (D:11)
  Harold (Orc:1)
  3 merfolk impalers (Shoals:1)
  2 servants of whispers (Desolation)
  An ogre mage (D:15)
  4 peacekeepers (Desolation)
  9 hydras
  2 death knights
  An alligator snapping turtle (Shoals:1)
  A catoblepas (Lair:6)
  4 centaur warriors
  7 dancing weapons
  11 death yaks
  A queen ant (Lair:2)
  3 two-headed ogres
  Erica (D:8)
  Sonja (D:10)
  5 deep elf knights (Elf:1)
  4 sea snakes (Shoals:1)
  3 deep elf archers
  A phantasmal warrior (D:15)
  2 unseen horrors
  A wolf spider zombie (D:13)
  An ironbrand convoker (Desolation)
  Pikel (D:8)
  An orc knight (D:15)
  30 deep elf magi
  3 ugly things
  2 orc sorcerers
  2 cyclopes
  4 fauns (Shoals:1)
  2 manticores (Shoals:1)
  A mana viper (shapeshifter) (D:15)
  3 black mambas
  A guardian serpent (Elf:2)
  10 elephants
  A water nymph (Shoals:1)
  A torpor snail (shapeshifter) (D:11)
  2 centaur skeletons
  24 spiny frogs
  A gargoyle (D:14)
  2 freezing wraiths (D:15)
  2 rime drakes (Lair:5)
  A komodo dragon (shapeshifter) (D:14)
  9 komodo dragons
  A tengu conjurer (D:15)
  4 merfolk (Shoals:1)
  A polar bear (Lair:4)
  A hornet (Lair:4)
  13 trolls
  18 saltlings
  A snapping turtle (Shoals:1)
  10 hippogriffs
  9 blink frogs
  Prince Ribbit (D:5)
  7 slime creatures
  4 tyrant leeches
  6 dream sheep (Lair:4)
  A vampire (D:14)
  3 shadows
  A spriggan (shapeshifter) (D:15)
  5 water elementals
  A fire elemental (Elf:1)
  4 wyverns
  2 humans (D:7)
  3 hogs (Lair:5)
  41 yaks
  2 hungry ghosts (D:11)
  2 steam dragons
  2 basilisks (Lair:4)
  8 vampire mosquitoes
  3 wargs
  Edmund (D:5)
  3 soldier ants
  2 acid dragons
  12 water moccasins
  9 porcupines
  4 slaves (D:8)
  26 orc warriors
  A hornet zombie (D:6)
  5 ice beasts
  3 phantoms
  A black bear (D:8)
  9 wolves (Lair:1)
  7 sky beasts
  11 ogres
  22 centaurs
  16 crocodiles
  4 big kobolds
  A gnoll sergeant (D:12)
  37 bullfrogs
  An earth elemental (Elf:1)
  11 scorpions
  A wyvern zombie (D:14)
  4 wights (D:7)
  5 howler monkeys
  3 vampire bats (D:8)
  4 electric eels
  5 crimson imps
  9 jellies
  5 centaur zombies
  9 hounds
  24 orc priests
  3 bullfrog zombies
  5 bullfrog skeletons
  16 orc wizards
  5 iguanas
  29 worker ants
  2 hound zombies
  2 hound skeletons (D:11)
  4 gnolls (D:12)
  7 adders
  3 shadow imps
  5 oozes (D:10)
  An adder zombie (D:6)
  3 adder skeletons
  2 worms
  A dart slug (D:2)
  6 leopard geckos
  92 orcs
  10 bats
  4 bat skeletons (D:8)
  A bat zombie (D:8)
  7 giant cockroaches
  3 goblins
  10 hobgoblins
  3 quokkas
  7 frilled lizards
  21 kobolds
  3 rats
  2 fungi (Lair:6)
  6 plants
856 creatures vanquished.

Vanquished Creatures (collateral kills)
  Saint Roka (Orc:2)
  Asterion (Elf:1)
  An orc warlord (Orc:2)
  Nessos (Orc:2)
  2 halazid warlocks (Desolation)
  Snorg (D:12)
  A crystal guardian (Desolation)
  3 ragged hierophants (Desolation)
  A catoblepas (Lair:4)
  A merfolk aquamancer (Shoals:1)
  3 two-headed ogres (D:15)
  A death yak (Lair:4)
  3 orc high priests (Orc:2)
  A glowing orange brain (D:15)
  2 ugly things (D:15)
  A deep elf archer (Elf:1)
  2 orc sorcerers (Orc:2)
  2 deep elf magi
  2 slime creatures (D:15)
  A guardian serpent (Desolation)
  A centaur skeleton (D:12)
  8 saltlings (Desolation)
  An air elemental (Elf:1)
  2 water elementals (Shoals:1)
  3 wargs (Orc:2)
  A porcupine (shapeshifter) (D:15)
  11 orc warriors (Orc:2)
  2 ogres
  3 bullfrogs
  An orc priest (Orc:2)
  4 orc wizards (Orc:2)
  9 orcs (Orc:2)
  A quokka (D:11)
78 creatures vanquished.

Vanquished Creatures (others)
  3 orcs
  A bush (Lair:6)
  8 fungi (Lair:6)
  12 plants
24 creatures vanquished.

Grand Total: 958 creatures vanquished

Notes
Turn   | Place    | Note
-------+----------+-------------------------------------------
     0 | D:1      | Artanis the Hill Orc Fighter began the quest for the Orb.
     0 | D:1      | Reached XP level 1. HP: 19/19 MP: 1/1
   285 | D:1      | Reached skill level 3 in Axes
   285 | D:1      | Reached XP level 2. HP: 27/27 MP: 2/2
  1216 | D:2      | Found a snail-covered altar of Cheibriados.
  1300 | D:2      | Reached XP level 3. HP: 18/33 MP: 3/3
  2302 | D:3      | Reached XP level 4. HP: 35/41 MP: 4/4
  2364 | D:3      | Reached skill level 4 in Axes
  2390 | D:3      | Found a white marble altar of Elyvilon.
  2547 | D:3      | Found a glowing silver altar of Zin.
  2686 | D:4      | Found Atiranosty's Antique Armour Emporium.
  2755 | D:4      | Reached XP level 5. HP: 24/47 MP: 5/5
  2966 | D:4      | Reached skill level 5 in Fighting
  3089 | D:4      | Reached XP level 6. HP: 56/56 MP: 6/6
  3386 | D:5      | Entered Level 5 of the Dungeon
  3401 | D:5      | Reached skill level 5 in Axes
  3405 | D:5      | Reached skill level 5 in Armour
  3590 | D:5      | Found a white marble altar of Elyvilon.
  3616 | D:5      | Noticed a phantom
  3672 | D:5      | Killed a phantom
  3672 | D:5      | Reached XP level 7. HP: 60/62 MP: 7/7
  3816 | D:5      | Reached skill level 6 in Axes
  4094 | D:5      | Found a radiant altar of Vehumet.
  4152 | D:5      | Found a hazy altar of Hepliaklqana.
  4356 | D:6      | Noticed Edmund
  4361 | D:6      | Noticed Prince Ribbit
  4389 | D:5      | Killed Prince Ribbit
  4389 | D:5      | Reached XP level 8. HP: 43/71 MP: 8/8
  4544 | D:5      | Killed Edmund
  4544 | D:5      | Reached skill level 7 in Axes
  4679 | D:6      | Reached skill level 5 in Shields
  5009 | D:6      | Found a blossoming altar of Fedhas.
  5319 | D:6      | Reached skill level 8 in Axes
  5528 | D:5      | Reached XP level 9. HP: 63/81 MP: 9/9
  6069 | D:7      | Found a staircase to the Ecumenical Temple.
  6095 | Temple   | Entered the Ecumenical Temple
  6152 | Temple   | Became a worshipper of Trog the Wrathful
  6260 | D:7      | Found a hide-covered altar of Uskayaw.
  7311 | D:7      | Found an opulent altar of Gozag.
  7347 | D:7      | Reached skill level 9 in Axes
  7686 | D:7      | Reached * piety under Trog
  8453 | D:7      | Found an iron altar of Okawaru.
  8623 | D:7      | Reached skill level 10 in Axes
  8623 | D:7      | Reached XP level 10. HP: 51/91 MP: 10/10
  9029 | D:8      | Got a twisted ring mail
  9031 | D:8      | Got a pair of ichor-stained boots
  9042 | D:8      | Identified the +0 pair of boots of the Vestibule of Hell
                  | {rElec rPois rC+} (You found it on level 8 of the Dungeon)
  9052 | D:8      | Identified the +2 ring mail of the Dragon {*Slow MR+++
                  | Dex-3 Stlth+} (You found it on level 8 of the Dungeon)
  9276 | D:8      | Found a shimmering altar of Xom.
  9276 | D:8      | Found a deep blue altar of Sif Muna.
  9276 | D:8      | Noticed Pikel
  9327 | D:8      | Killed Pikel
  9327 | D:8      | Reached skill level 10 in Fighting
  9697 | D:8      | Noticed Erica
  9731 | D:8      | Killed Erica
  9988 | D:8      | Noticed Gastronok
 10126 | D:8      | Killed Gastronok
 10126 | D:8      | Reached skill level 13 in Axes
 10126 | D:8      | Reached XP level 11. HP: 45/101 MP: 11/11
 10618 | D:8      | Reached ** piety under Trog
 11057 | D:8      | Found an ancient bone altar of Kikubaaqudgha.
 11083 | D:8      | Got a warped ring mail
 11094 | D:8      | Identified the +0 ring mail "Gix Laeshug" {Str+2} (You
                  | found it on level 8 of the Dungeon)
 11203 | D:9      | Found Yruudd's Gadget Shoppe.
 11400 | D:9      | Reached skill level 14 in Axes
 11732 | D:9      | Found Iresituz's Antique Weapon Emporium.
 12120 | D:9      | Reached *** piety under Trog
 12352 | D:9      | Found a staircase to the Orcish Mines.
 12382 | D:9      | Found Zuraabim's Antique Weapon Shoppe.
 12483 | D:9      | Found a shadowy altar of Dithmenos.
 12771 | D:9      | Gained mutation: You have large cloven feet. [potion of
                  | mutation]
 12771 | D:9      | Gained mutation: Potions are less effective at restoring
                  | your health. [potion of mutation]
 12771 | D:9      | Gained mutation: You have a pair of small horns on your
                  | head. [potion of mutation]
 12777 | D:10     | Entered Level 10 of the Dungeon
 12806 | D:10     | Reached skill level 15 in Axes
 13034 | D:10     | Found a shadowy altar of Dithmenos.
 13143 | D:10     | Noticed Sonja
 13173 | D:10     | Killed Sonja
 13615 | D:10     | Reached **** piety under Trog
 13662 | D:10     | Found a staircase to the Lair.
 13867 | D:10     | Found a runed translucent gate.
 13867 | D:10     | Found a runed translucent gate.
 13867 | D:10     | Found a runed translucent gate.
 13867 | D:10     | Noticed voshxx's ghost (novice MiFi)
 13867 | D:10     | Noticed an 11-headed hydra
 14182 | D:11     | Reached skill level 16 in Axes
 14297 | D:11     | Noticed a cyclops
 14308 | D:11     | Killed a cyclops
 14316 | D:11     | Found a runed translucent door.
 14579 | D:11     | Noticed a centaur warrior
 14594 | D:11     | Killed a centaur warrior
 14594 | D:11     | Reached XP level 12. HP: 95/107 MP: 12/12
 14596 | D:11     | Reached skill level 17 in Axes
 14671 | D:11     | Noticed a frost giant
 14687 | D:11     | Killed a frost giant
 14931 | D:11     | Noticed Fannar
 14957 | D:11     | Noticed a two-headed ogre
 14968 | D:11     | Killed Fannar
 14969 | D:11     | Killed a two-headed ogre
 14969 | D:11     | Reached skill level 18 in Axes
 15034 | D:11     | Noticed an anaconda
 15053 | D:11     | an anaconda changed into a torpor snail
 15841 | D:11     | Got an opal-encrusted leather armour
 15852 | D:11     | Identified the +2 leather armour "Coczemew" {rC- Int+7}
                  | (You found it on level 11 of the Dungeon)
 15893 | D:11     | Reached ***** piety under Trog
 15893 | D:11     | Reached skill level 10 in Armour
 16530 | D:12     | Noticed a two-headed ogre
 16551 | D:12     | Killed a two-headed ogre
 16679 | D:12     | Noticed Frances
 16698 | D:12     | Noticed a soul eater
 16698 | D:12     | Noticed a soul eater
 16716 | D:12     | Killed Frances
 17112 | D:12     | Reached XP level 13. HP: 112/117 MP: 13/13
 17238 | D:12     | Noticed Snorg
 17659 | Lair:1   | Entered Level 1 of the Lair of Beasts
 18247 | Lair:1   | Lost mutation: You have a pair of small horns on your head.
                  | [potion of mutation]
 18247 | Lair:1   | Lost mutation: You have large cloven feet. [potion of
                  | mutation]
 18247 | Lair:1   | Gained mutation: You are resistant to hostile enchantments.
                  | (MR+) [potion of mutation]
 18247 | Lair:1   | Gained mutation: Scrolls take you a little longer to read.
                  | [potion of mutation]
 18247 | Lair:1   | Gained mutation: You have a pair of small antennae on your
                  | head. [potion of mutation]
 18247 | Lair:1   | Gained mutation: You are partially covered in yellow
                  | scales. (AC +2) [potion of mutation]
 18759 | Lair:2   | Received a gift from Trog
 19030 | Lair:2   | Reached skill level 10 in Shields
 20823 | Lair:3   | Found a hole to the Spider Nest.
 21866 | Lair:4   | Got a jewelled flail
 22116 | Lair:4   | Received a gift from Trog
 22482 | Lair:4   | Found a staircase to the Shoals.
 22608 | Lair:4   | Reached XP level 14. HP: 113/127 MP: 14/14
 24077 | Lair:5   | Noticed Kirke
 24098 | Lair:5   | Killed Kirke
 24111 | Lair:5   | Identified the +6 flail "Aziu" {vamp, rF+++ SInv Stlth-}
                  | (You found it on level 4 of the Lair of Beasts)
 24814 | Lair:5   | Reached skill level 15 in Shields
 25105 | Lair:6   | Entered Level 6 of the Lair of Beasts
 26571 | Lair:6   | Received a gift from Trog
 26938 | Lair:6   | Reached XP level 15. HP: 120/136 MP: 5/15
 26943 | Lair:6   | Found a staircase to the Slime Pits.
 28566 | Orc:1    | Entered Level 1 of the Orcish Mines
 28570 | Orc:1    | Noticed Harold
 28594 | Orc:1    | Killed Harold
 28939 | Orc:1    | Received a gift from Trog
 29006 | Orc:1    | Found a deep blue altar of Sif Muna.
 29225 | Orc:2    | Entered Level 2 of the Orcish Mines
 29257 | Orc:2    | Noticed Erolcha
 29266 | Orc:2    | Killed Erolcha
 29270 | Orc:2    | Noticed an orc warlord
 29281 | Orc:2    | Killed an orc warlord
 29294 | Orc:2    | Noticed Saint Roka
 29607 | Orc:2    | Killed Saint Roka
 29607 | Orc:2    | Reached skill level 19 in Axes
 29792 | Orc:2    | Found Fihauvud's Weapon Boutique.
 29797 | Orc:2    | Noticed Nessos
 29820 | Orc:2    | Killed Nessos
 30139 | Orc:2    | Found Ywe Esag's Antique Weapon Emporium.
 30147 | Orc:2    | Found a roughly hewn altar of Beogh.
 30154 | Orc:2    | Found Tuomuok's Antique Armour Shoppe.
 30278 | Orc:2    | Found Cyoquonau's Jewellery Emporium.
 30282 | Orc:2    | Found a staircase to the Elven Halls.
 30318 | Orc:2    | Found a roughly hewn altar of Beogh.
 30331 | Orc:2    | Found Conkasur's Jewellery Shop.
 30510 | Orc:2    | Found a roughly hewn altar of Beogh.
 30562 | Orc:2    | Found a roughly hewn altar of Beogh.
 30609 | Orc:2    | Found Bodihon's Assorted Antiques.
 30669 | Orc:2    | Found a roughly hewn altar of Beogh.
 30679 | Orc:2    | Reached skill level 15 in Fighting
 30765 | Orc:2    | Reached ****** piety under Trog
 30768 | Orc:2    | Received a gift from Trog
 30785 | Orc:2    | Found a roughly hewn altar of Beogh.
 30801 | Orc:2    | Found Pullot's Distillery.
 30854 | Orc:2    | Found a roughly hewn altar of Beogh.
 31247 | Shoals:1 | Entered Level 1 of the Shoals
 32393 | D:12     | Killed Snorg
 32664 | D:13     | Found Yzxuliny's Magic Scroll Emporium.
 33144 | D:14     | Found a gate to the Vaults.
 33210 | D:14     | Reached XP level 16. HP: 112/149 MP: 5/16
 33864 | D:15     | Entered Level 15 of the Dungeon
 33959 | D:15     | Received a gift from Trog
 33959 | D:15     | Reached skill level 1 in Evocations
 34649 | D:15     | Reached skill level 15 in Armour
 34660 | D:15     | Found a staircase to the Depths.
 35254 | D:15     | Received a gift from Trog
 38250 | Elf:1    | Entered Level 1 of the Elven Halls
 38473 | Elf:1    | Noticed Asterion
 38483 | Elf:1    | Killed Asterion
 38886 | Elf:1    | Found Cewnorgh's Food Shop.
 38888 | Elf:1    | Found Ahing's Distillery.
 38891 | Elf:1    | Found Ustieff's General Store.
 39156 | Elf:1    | Received a gift from Trog
 39590 | Elf:1    | Reached XP level 17. HP: 102/161 MP: 6/20
 40164 | Elf:1    | Received a gift from Trog
 40246 | Elf:1    | Reached skill level 20 in Axes
 40309 | Elf:1    | Identified the Collected Works on Companions
 40595 | Elf:2    | Found a ruined gateway.
 40685 | Desolati | Entered the Desolation of Salt
 40737 | Desolati | Reached skill level 5 in Evocations
 40992 | Desolati | Found the +2 cloak of the Thief {+Fog Slay-2 SInv Stlth+}
 41004 | Desolati | Identified the Collected Works on Flight
 41022 | Desolati | Identified the Volume of Shifting Battle Magic
 41341 | Desolati | Received a gift from Trog
 41554 | Desolati | HP: 3/163 [halazid warlock/bolt of negative energy (22)]
 41555 | Desolati | Killed from afar by a halazid warlock

Skill      XL: |  1  2  3  4  5  6  7  8  9 10 11 12 13 14 15 16 17 |
---------------+----------------------------------------------------+-----
Axes           | 3 4 5 6 8 10 13 16 18 19 20 | 20.2
Fighting       | 4 5 6 8 9 10 11 12 13 15 17 | 17.7
Armour         | 4 5 6 7 8 9 11 12 14 15 16 | 16.5
Shields        | 4 5 6 7 8 12 15 | 15.0
Evocations     | 4 5 |  5.6

Action                   |  1- 3 |  4- 6 |  7- 9 | 10-12 | 13-15 | 16-18 || total
-------------------------+-------+-------+-------+-------+-------+-------++-------
Melee: War axe           |   128 |   139 |   194 |       |       |       ||   461
       Broad axe         |       |       |   194 |   760 |   686 |   814 ||  2454
       Headbutt          |       |       |       |    68 |    12 |       ||    80
       Hand axe          |       |       |       |       |   573 |       ||   573
       Flail             |       |       |       |       |   486 |     6 ||   492
 Fire: Blowgun           |       |       |     8 |    41 |       |       ||    49
Invok: Berserk           |       |       |       |     7 |     1 |     1 ||     9
       Brothers in Arms  |       |       |       |     1 |     8 |    12 ||    21
Evoke: Wand              |       |       |     4 |     2 |    14 |     4 ||    24
  Use: Scroll            |     4 |       |     5 |     8 |    10 |     4 ||    31
       Potion            |       |     1 |     4 |    17 |     2 |     1 ||    25
 Stab: Invisible         |       |       |       |     1 |       |       ||     1
  Eat: Chunk             |     4 |     5 |     7 |    22 |    27 |    12 ||    77
       Ration            |       |       |     3 |     5 |    10 |     5 ||    23
Armor: Chain mail        |    95 |    77 |   134 |       |       |       ||   306
       Scale mail        |     1 |       |       |       |       |       ||     1
       Plate armour      |       |       |    60 |   423 |   827 |   273 ||  1583
Dodge: Dodged            |    23 |    32 |   100 |   145 |   355 |   100 ||   755
Block: Shield            |    69 |    65 |   176 |   352 |  1013 |   323 ||  1998
